 Dungeon Crawl Stone Soup version 0.31-a0-700-gf13585253f (webtiles) character file.

Game seed: 16541549391495659999

121 cforsyth the Trooper (level 5, -1/42 HPs)
             Began as a Djinni Chaos Knight on Sept 7, 2023.
             Was a Plaything of Xom.
             Slain by a raiju (shapeshifter) (7 damage)
             ... on level 2 of the Dungeon.
             The game lasted 00:03:46 (1461 turns).

cforsyth the Trooper (Djinni Chaos Knight)          Turns: 1461, Time: 00:03:46

Health: -1/42      AC:  5    Str: 10 (11) XL:     5   Next: 26%
Gold:   52         EV: 11    Int: 15 (16) God:    Xom [...*..] SH:  3 Dex: 10 (12)

rFire   + + .        a - +0 falchion (chaos)
rCold   x . .        e - +0 buckler
rNeg    . . .        b - +2 leather armour
rPois   ∞            (no helmet)
rElec   .            (no cloak)
rCorr   .            (no gloves)
SInv    .            (boots unavailable)
Will    .....        (no amulet)
Stlth   +            (no ring)
HPRegen 0.27/turn    (no ring)
MPRegen 0.00/turn

%: infuse magic (-2 HP)
@: flying
A: sickness immunity, fire resistance 2, cold vulnerability 1, float, innate
caster, HP casting, extra vitality 1
a: Renounce Religion


You were on level 2 of the Dungeon.
You worshipped Xom.
You were a favourite toy of Xom.
You visited 1 branch of the dungeon, and saw 2 of its levels.

You collected 52 gold pieces.

Inventory:

Hand Weapons
 a - a +0 falchion of chaos (weapon)
Armour
 b - a +2 leather armour (worn)
 e - a +0 buckler (worn)
Scrolls
 c - a scroll of teleportation {unknown}
 d - a scroll of brand weapon {unknown}
 g - a scroll of revelation {unknown}
 h - a scroll of enchant armour {unknown}


   Skills:
 + Level 4.4 Fighting
 - Level 2.6 Long Blades
 - Level 1.0 Armour
 - Level 2.1 Dodging
 + Level 2.1 Spellcasting
 + Level 2.1 Conjurations
 + Level 2.1 Hexes
   Level 0.0 Charms
 + Level 2.1 Summonings
 + Level 2.1 Necromancy
 + Level 2.1 Translocations
 + Level 2.1 Transmutations
 + Level 2.1 Fire Magic
 + Level 2.1 Ice Magic
 + Level 2.1 Air Magic
 + Level 2.1 Earth Magic
 + Level 2.1 Poison Magic


You knew the following spells:

 Your Spells              Type           Power      Damage    Failure   Level
a - Kiss of Death         Conj/Necr      32%        2d7       19%         1
b - Passwall              Tmut/Erth      6%         N/A       28%         2
Your spell library was empty.

Dungeon Overview and Level Annotations

Branches:
Dungeon (2/15)

Altars:
Xom

Shops:
D:2 (

Annotations:
D:2 Sigmund


Innate Abilities, Weirdness & Mutations

You are immune to sickness and miasma.
You are immune to poison.
Your flesh is very heat resistant. (rF++)
You are vulnerable to cold. (rC-)
You float through the air rather than walking.
You learn spells naturally, not from books.
Your magical power is your life essence.
You have superior vitality. (+4 MHP)


Message History

You kill Natasha!
Natasha yowls pathetically as she dies!
You have reached level 5!
The power to cast Passwall wells up from within.
Spell assigned to 'b'.
HP restored.
h - a scroll labelled HAEPEOPATT You see here the felid corpse of Natasha.
Found a stone staircase leading down.
An iguana comes into view.
An iguana is nearby!
You block the iguana's attack.
You hit the iguana but do no damage.
The iguana changes into a shapeshifter!
The shapeshifter changes into a raiju!
You miss the raiju. You hit the raiju but do no damage.
You block the raiju's attack. The raiju bites you. The raiju shocks you!
You slash the raiju!
The raiju goes berserk!
The raiju is lightly wounded.
The raiju bites you but does no damage.
You hit the raiju but do no damage.
The raiju is poisoned.
The raiju is lightly wounded.
The raiju closely misses you. The raiju bites you! The raiju shocks you!
You are too injured to fight recklessly!
You are too injured to fight recklessly!
You are too injured to fight recklessly!
You are too injured to fight recklessly!
Press: ? - help, . - travel You can't see that place.
Unknown command.
Unknown command.
Okay, then.
It was a potion of degeneration.
There was something very wrong with that liquid.
You feel weakened.
You feel dopey.
You feel clumsy. The raiju bites you!
* * * LOW HITPOINT WARNING * * *
The raiju shocks you!
You die...
Xom laughs nastily!

.### >.. #. #.# ..
..######.### .#
..........###.#
#......##..# ###.
#.h@....#..#.....
#.......#.....#
#.......#.######
#.....#.†......#####
##....######........
#....### ##........
#........##.........
#.[.................
#.....#...#.........


You could see a raiju shaped shifter (berserk, very poisoned).

Vanquished Creatures
  Jessica (D:2)
  Natasha (twice) (D:2)
  2 worms (D:2)
  7 endoplasms
  A giant cockroach (D:1)
  4 goblins (D:1)
  3 hobgoblins
  2 jackals (D:1)
  4 ball pythons
  4 bats
  3 frilled lizards (D:1)
  3 kobolds
  2 rats (D:2)
38 creatures vanquished.

Notes
Turn   | Place    | Note
-------+----------+-------------------------------------------
     0 | D:1      | cforsyth the Djinni Chaos Knight began the quest for the
                  | Orb.
     0 | D:1      | Reached XP level 1. HP: 20/20 MP: 0/0
   118 | D:1      | XOM: silly message
   170 | D:1      | Reached XP level 2. HP: 25/25 MP: 0/0
   218 | D:1      | XOM: silly message
   283 | D:1      | XOM: divination: detect creatures
   464 | D:1      | Reached skill level 1 in Spellcasting
   464 | D:1      | Reached skill level 1 in Conjurations
   464 | D:1      | Reached skill level 1 in Hexes
   464 | D:1      | Reached skill level 1 in Summonings
   464 | D:1      | Reached skill level 1 in Necromancy
   464 | D:1      | Reached skill level 1 in Translocations
   464 | D:1      | Reached skill level 1 in Transmutations
   464 | D:1      | Reached skill level 1 in Fire Magic
   464 | D:1      | Reached skill level 1 in Ice Magic
   464 | D:1      | Reached skill level 1 in Air Magic
   464 | D:1      | Reached skill level 1 in Earth Magic
   464 | D:1      | Reached skill level 1 in Poison Magic
   471 | D:1      | XOM: 5-stop teleportation journey
   648 | D:1      | Reached XP level 3. HP: 30/30 MP: 0/0
   648 | D:1      | Learned a level 1 spell: Kiss of Death
   670 | D:1      | XOM: silly message
   878 | D:2      | Noticed Sigmund
   919 | D:2      | XOM: butterfly on damage
   988 | D:1      | XOM: scenery: summon butterflies
  1041 | D:2      | Noticed Jessica
  1115 | D:2      | Found Rapneoc's Weapon Emporium.
  1121 | D:2      | Noticed Natasha
  1170 | D:2      | Killed Jessica
  1171 | D:2      | Reached skill level 4 in Fighting
  1171 | D:2      | Reached XP level 4. HP: 26/37 MP: 0/0
  1186 | D:2      | XOM: noise
  1193 | D:2      | Killed Natasha
  1378 | D:2      | XOM: scenery: create altars
  1421 | D:2      | Noticed Natasha
  1430 | D:2      | Killed Natasha
  1431 | D:2      | Reached XP level 5. HP: 37/42 MP: 0/0
  1431 | D:2      | Learned a level 2 spell: Passwall
  1456 | D:2      | an iguana changed into a shapeshifter
  1456 | D:2      | Noticed a shapeshifter (shapeshifter)
  1456 | D:2      | a shapeshifter changed into a raiju
  1456 | D:2      | Noticed a raiju (shapeshifter)
  1461 | D:2      | Slain by a raiju (shapeshifter)

Illustrated notes

Levels and vault maps discovered:
D:1:      scummos_arrival_checkerplants, layout_basic
D:2:      minmay_evil_eye, layout_rooms, serial_shops,
          nicolae_shop_bloodbath_and_beyond, minmay_lizard_king, uniq_sigmund,
          uniq_natasha, uniq_jessica

Skill      XL: |  1  2  3  4 |
---------------+-------------+-----
Spellcasting   | 1 2 |  2.1
Conjurations   | 1 2 |  2.1
Hexes          | 1 2 |  2.1
Summonings     | 1 2 |  2.1
Necromancy     | 1 2 |  2.1
Translocations | 1 2 |  2.1
Transmutations | 1 2 |  2.1
Fire Magic     | 1 2 |  2.1
Ice Magic      | 1 2 |  2.1
Air Magic      | 1 2 |  2.1
Earth Magic    | 1 2 |  2.1
Poison Magic   | 1 2 |  2.1
Fighting       | 4 |  4.4
Long Blades    | |  2.6
Armour         | |  1.0
Dodging        | |  2.1

Action                     |  1- 3 |  4- 6 || total
---------------------------+-------+-------++-------
  Melee: Falchion          |    88 |    20 ||   108
    Use: Scroll            |       |     1 ||     1
         Potion            |       |     1 ||     1
 Armour: Leather armour    |    89 |    18 ||   107
  Dodge: Dodged            |    74 |    15 ||    89
  Block: Buckler           |    17 |     7 ||    24

Table legend: (Time is in decaauts)
 A = Elapsed time spent in this place.
 B = Non-inter-level travel time spent in this place.
 C = Inter-level travel time spent in this place.
 D = Time resting spent in this place.
 E = Time spent auto-exploring this place.
 F = Levels seen in this place.
 G = Mean time per level.
                   A        B        C        D        E       F      G
               +--------+--------+--------+--------+--------+-----+--------+
         Total |   1487 |   1420 |     67 |    173 |    778 |   2 |  743.5 |
       Dungeon |   1487 |   1420 |     67 |    173 |    778 |   2 |  743.5 |
               +--------+--------+--------+--------+--------+-----+--------+

Top non-repeatable levels by time:
     D:1: 1296 daAuts
     D:2: 191 daAuts
